 Dungeon Crawl Stone Soup version 0.20-a0-266-gdedccd6 (webtiles) character file.

93 PurpleRed the Skirmisher (level 4, -1/37 HPs)
             Began as a Mummy Fighter on Dec 5, 2016.
             Slain by Crazy Yiuf
             ... wielding a +4 quarterstaff of chaos
              (16 damage)
             ... on level 3 of the Dungeon.
             The game lasted 00:03:59 (1717 turns).

PurpleRed the Skirmisher (Mummy Fighter)            Turns: 1717, Time: 00:04:00

Health: -1/37      AC:  7    Str: 20    XL:     4   Next: 37%
Magic:  4/4        EV:  7    Int:  7    God:
Gold:   121        SH:  8    Dex: 11    Spells: 3/3 levels left

rFire  x . .     SeeInvis .     a - +0 war axe
rCold  + . .     Gourm    .     b - +0 scale mail
rNeg   + + +     Faith    .     c - +0 shield
rPois  ∞         Spirit   .     (no helmet)
rElec  .         Reflect  .     (no cloak)
rCorr  .         Harm     .     (no gloves)
MR     .....                    g - +0 pair of boots
Stlth  ..........               (no amulet)
                                (no ring)
                                (no ring)

@: no status effects
A: no food or potions, fire vulnerability, cold resistance 1, negative energy
resistance 3, torment resistance, unbreathing
a: no special abilities


You were on level 3 of the Dungeon.
You were not hungry.

You visited 1 branch of the dungeon, and saw 4 of its levels.

You collected 121 gold pieces.

Inventory:

Hand Weapons
 a - a +0 war axe (weapon)
 d - a +0 long sword of protection
Missiles
 j - 14 javelins (quivered)
Armour
 b - a +0 scale mail (worn)
 c - a +0 shield (worn)
 g - a +0 pair of boots (worn)
Wands
 l - a wand of polymorph (6/24)
Scrolls
 f - a scroll of enchant armour
 h - a scroll of remove curse


   Skills:
 + Level 3.9 Fighting
 * Level 3.2 Axes
 - Level 2.4 Armour
 - Level 2.4 Shields


You had 3 spell levels left.
You didn't know any spells.

Dungeon Overview and Level Annotations

Branches:
Dungeon (4/15)
 Temple: D:4-7

Altars:

Shops:
D:4 ?

Annotations:
D:3 Crazy Yiuf


Innate Abilities, Weirdness & Mutations

You do not eat or drink.
Your flesh is vulnerable to fire.
You are immune to poison.
Your flesh is cold resistant. (rC+)
You are immune to negative energy. (rN+++)
You are immune to unholy pain and torment.
You can survive without breathing.


Message History

Crazy Yiuf the Enlightened comes into view.
He is wielding a quarterstaff of chaos.
Crazy Yiuf shouts!
Crazy Yiuf drinks a potion.
Crazy Yiuf suddenly seems more resistant.
Found a mace.
Crazy Yiuf grits, "Prologue!"
There is an open door here.
Crazy Yiuf says, "Crazy?
Crazy!?
PORCUPINE!"
You hit Crazy Yiuf but do no damage. You block Crazy Yiuf's attack. x2
You hit Crazy Yiuf but do no damage.
Crazy Yiuf hits you with a quarterstaff of chaos!
Crazy Yiuf burns you.
You slash Crazy Yiuf!
Crazy Yiuf is almost dead.
Crazy Yiuf hits you but does no damage. Space warps horribly around you!
You closely miss Crazy Yiuf.
Crazy Yiuf is almost dead.
Crazy Yiuf twirls on the spot.
Crazy Yiuf hits you but does no damage.
You are electrocuted!
You die...

#.####
######....#
#......##.#
#########.# ##
#.## .. #..# #.
#### ♣♣###.# #.
#)..#♣♣ ♣♣P.#..#
#.##
#..g@.♣♣♣♣......#
..#
#...#♣..♣.P♣...##
#.# ####
♣♣♣.♣.P.###
####.#### ♣♣♣♣♣##
#.......#
#.##.##.# >.##.#
# .....# ..####


You could see Crazy Yiuf.

Vanquished Creatures
  A hound (D:4)
  An iguana (D:4)
  An ooze (D:2)
  A dart slug (D:2)
  A leopard gecko (D:2)
  2 bats
  4 giant cockroaches
  A goblin (D:3)
  3 hobgoblins
  5 jackals (D:4)
  A kobold (D:2)
  6 frilled lizards
  5 rats
  2 fungi (D:3)
34 creatures vanquished.

Notes
Turn   | Place    | Note
-------+----------+-------------------------------------------
     0 | D:1      | PurpleRed the Mummy Fighter began the quest for the Orb.
     0 | D:1      | Reached XP level 1. HP: 18/18 MP: 1/1
   419 | D:1      | Reached XP level 2. HP: 24/24 MP: 2/2
   895 | D:2      | You fall through a shaft for 2 floors!
   904 | D:4      | Reached XP level 3. HP: 10/30 MP: 3/3
  1142 | D:4      | Reached XP level 4. HP: 32/37 MP: 4/4
  1361 | D:4      | Found Oggoudif's Magic Scroll Boutique.
  1707 | D:3      | Found a runed door.
  1711 | D:3      | Noticed Crazy Yiuf
  1717 | D:3      | Slain by Crazy Yiuf

Vault maps used:
D:1:      mrwooster_arrival_arrow
D:2:      minmay_tree_intersection
D:3:      first_bread, lemuel_statue_altar, uniq_crazy_yiuf_cottage,
          uniq_sigmund
D:4:      serial_shops, shop_scrolls, wad_floor_pattern_untrapped

Skill      XL: |  1  2  3 |
---------------+----------+-----
Axes           | 2 3 |  3.2
Fighting       | |  3.9
Armour         | |  2.4
Shields        | |  2.4

Action                   |  1- 3 |  4- 6 || total
-------------------------+-------+-------++-------
Melee: War axe           |    79 |    38 ||   117
  Use: Scroll            |     5 |     5 ||    10
Armor: Scale mail        |    53 |     7 ||    60
Dodge: Dodged            |    29 |    11 ||    40
Block: Shield            |    38 |    11 ||    49
